 Dungeon Crawl Stone Soup version 0.30-a0-42-g806c11bf1d (webtiles) character file.

Game seed: 8175834424379318932

197 SensoryNuts the Chopper (level 5, -3/33 HPs)
             Began as a Gargoyle Fighter on Aug 30, 2022.
             Slain by a gnoll
             ... wielding a +0 flail
              (7 damage)
             ... on level 3 of the Dungeon.
             The game lasted 00:03:37 (3285 turns).

SensoryNuts the Chopper (Gargoyle Fighter)          Turns: 3285, Time: 00:03:38

Health: -3/33      AC: 11    Str: 21    XL:     5   Next: 75%
Magic:  5/5        EV:  9    Int:  9    God:
Gold:   155        SH:  5    Dex:  9    Spells: 4/4 levels left

rFire   . . .      SeeInvis .    a - +1 war axe
rCold   . . .      Faith    .    c - +1 buckler
rNeg    + . .      Spirit   .    b - +0 scale mail
rPois   ∞          Reflect  .    (no helmet)
rElec   +          Harm     .    (no cloak)
rCorr   .          Rampage  .    (no gloves)
Will    .....                    (no boots)
Stlth   ..........               (no amulet)
HPRegen 0.11/turn                (no ring)
MPRegen 0.09/turn                (no ring)

@: no status effects
A: sickness immunity, AC +4, negative energy resistance 1, electricity
resistance, torment resistance 1, petrification resistance
a: no special abilities


You were on level 3 of the Dungeon.
You visited 1 branch of the dungeon, and saw 4 of its levels.

You collected 155 gold pieces.

Inventory:

Hand Weapons
 a - a +1 war axe (weapon)
Armour
 b - a +0 scale mail (worn)
 c - a +1 buckler (worn)
 h - a +0 pair of gloves
Jewellery
 f - a +6 ring of strength
Scrolls
 g - a scroll of immolation
 l - a scroll of enchant armour
Potions
 d - a potion of brilliance {unknown}
 e - a potion of flight
 i - 2 potions of curing
 j - a potion of invisibility {unknown}
 k - a potion of resistance {unknown}


   Skills:
 + Level 4.0 Fighting
 * Level 4.1 Axes
 + Level 4.0 Armour
 + Level 0.4 Dodging
 + Level 3.6 Shields


You had 4 spell levels left.
You didn't know any spells.
Your spell library was empty.

Dungeon Overview and Level Annotations

Branches:
Dungeon (4/15)
 Temple: D:4-7

Altars:
Xom


Innate Abilities, Weirdness & Mutations

You are immune to sickness and miasma.
Your stone body is resilient. (AC +4)
You are immune to poison.
You resist negative energy. (rN+)
You are resistant to electric shocks. (rElec)
You are resistant to unholy torment.
You are immune to petrification.


Message History

You slash the gnoll!
The gnoll is severely wounded.
The gnoll hits you with a +0 club. You block the gnoll's attack.
You hit the gnoll.
You kill the gnoll!
You see here a +0 club.
There is a stone staircase leading down here.
You climb downwards.
The endoplasm barely misses you. The gnoll hits you with a +0 flail!
You block the orc's attack. The worm bites you but does no damage.
The orc closely misses you. The endoplasm closely misses you.
The gnoll misses you.
There is a stone staircase leading up here.
The orc completely misses you.
The endoplasm hits you but does no damage.
You block the gnoll's attack.
You climb upwards.
There is a stone staircase leading down here.
You barely miss the gnoll. You hit the worm. You closely miss the orc.
You slash the endoplasm!
You kill the endoplasm!
The worm bites you!
The orc hits you with a +0 flail of draining.
You block the gnoll's attack.
You barely miss the gnoll. You hit the orc. You slash the worm!
The gnoll barely misses you. The orc closely misses you.
The worm closely misses you.
You hit the gnoll.
The gnoll is moderately wounded.
You completely miss the worm. You barely miss the orc.
The gnoll hits you with a +0 flail. The orc hits you but does no damage.
The worm bites you.
* * * LOW HITPOINT WARNING * * *
You closely miss the gnoll.
The gnoll is moderately wounded.
You hit the orc.
You kill the orc!
You hit the worm. The gnoll hits you with a +0 flail.
* * * LOW HITPOINT WARNING * * *
The gnoll hits you with a +0 flail!
You die...

.................................
.########.####################.##
.# #.# #.# .# #.# #.# .# #.#
#####.# .#
#.################.....# .#
#......................# .#
#.###########..........# .#
#.######@)# #.####....## .#
#......wg.# #.#.......# .#
########..###.#...##.## .#
#..........##.# .###########
#.#...........#### ...........#
#.#....##......... ##########.#
#.#...........#### #.#
#.#.#..##......... #.#
#.#.#..##..#..####


You could see a worm and a gnoll.

Vanquished Creatures
  Natasha (thrice) (D:2)
  2 gnolls (D:3)
  3 adders
  4 worms
  2 dart slugs
  2 orcs (D:3)
  7 ball pythons
  6 endoplasms
  A giant cockroach (D:2)
  4 goblins
  7 hobgoblins
  3 jackals (D:3)
  A quokka (D:1)
  5 bats
  2 frilled lizards (D:1)
  7 kobolds
  3 rats
62 creatures vanquished.

Notes
Turn   | Place    | Note
-------+----------+-------------------------------------------
     0 | D:1      | SensoryNuts the Gargoyle Fighter began the quest for the
                  | Orb.
     0 | D:1      | Reached XP level 1. HP: 14/14 MP: 1/1
   284 | D:1      | Reached XP level 2. HP: 19/19 MP: 2/2
  1214 | D:2      | Reached XP level 3. HP: 24/24 MP: 3/3
  1547 | D:2      | Found a faded altar of an unknown god.
  1610 | D:2      | Found a shimmering altar of Xom.
  1624 | D:2      | Noticed Natasha
  1638 | D:2      | Killed Natasha
  1639 | D:2      | Reached XP level 4. HP: 13/29 MP: 4/4
  2216 | D:2      | Noticed Natasha
  2231 | D:2      | Killed Natasha
  2232 | D:2      | Reached XP level 5. HP: 17/33 MP: 5/5
  2303 | D:2      | Noticed Natasha
  2444 | D:2      | Killed Natasha
  3285 | D:3      | Slain by a gnoll

Illustrated notes

Levels and vault maps discovered:
D:1:      minmay_arrival_diagonal_passages, layout_loops_corners,
          minmay_domino_2
D:2:      layout_loops_cross, ebering_ecumenical_altar_box, basic_altar,
          grunt_decor_arrowhead, uniq_natasha
D:3:      layout_basic
D:4:      layout_cave_pools, mainiacjoe_overflow_small_starburst,
          minmay_temple_entry_mini_moons

Skill      XL: |  1  2  3  4  5 |
---------------+----------------+-----
Axes           | 2 3 4 |  4.1
Fighting       | 4 |  4.0
Armour         | 4 |  4.0
Dodging        | |  0.4
Shields        | |  3.6

Action                   |  1- 3 |  4- 6 || total
-------------------------+-------+-------++-------
Melee: War axe           |    84 |    97 ||   181
  Use: Scroll            |     4 |     3 ||     7
       Potion            |     1 |     2 ||     3
Armor: Scale mail        |    50 |    47 ||    97
       Skin              |       |     7 ||     7
Dodge: Dodged            |    41 |    55 ||    96
Block: Buckler           |    17 |    20 ||    37

Table legend: (Time is in decaauts)
 A = Elapsed time spent in this place.
 B = Non-inter-level travel time spent in this place.
 C = Inter-level travel time spent in this place.
 D = Time resting spent in this place.
 E = Time spent auto-exploring this place.
 F = Levels seen in this place.
 G = Mean time per level.
                   A        B        C        D        E       F      G
               +--------+--------+--------+--------+--------+-----+--------+
         Total |   3338 |   3194 |    144 |     24 |   2678 |   4 |  834.5 |
       Dungeon |   3338 |   3194 |    144 |     24 |   2678 |   4 |  834.5 |
               +--------+--------+--------+--------+--------+-----+--------+

Top non-repeatable levels by time:
     D:2: 1375 daAuts
     D:1: 1292 daAuts
     D:3: 661 daAuts
     D:4: 8 daAuts
